[Event "FIDE World Rapid-ch Open 2018"]
[White "Tukhaev, Adam"]
[Black "Adly, Ahmed"]
[Site "St. Petersburg"]
[Round "13.54"]
[Annotator "ChessBase"]
[Result "1/2-1/2"]
[Date "2018.12.28"]
[WhiteElo "2527"]
[BlackElo "2626"]
[PlyCount "128"]
[TimeControl "900+10"]

1. e4 b6 2. d4 Bb7 3. Bd3 g6 4. Nf3 Bg7 5. 0-0 d6 6. Re1 e6 7. Nbd2 Nd7 8. Nf1 Ne7 9. Ng3 0-0 10. c3 c5 11. Be3 Rc8 12. Qd2 cxd4 13. cxd4 Nc6 14. Bg5 Qc7 15. Rac1 Qb8 16. Bh6 Ne7 17. Qg5 Bf6 18. Qg4 Rxc1 19. Rxc1 Rc8 20. Rd1 Nc6 21. Ne2 Rc7 22. h4 Bh8 23. Qg3 e5 24. h5 Nf6 25. hxg6 hxg6 26. Bc4 Ne7 27. dxe5 Nxe4 28. Bxf7+ Kxf7 29. Ng5+ Nxg5 30. exd6 Rd7 31. Bxg5 Nd5 32. Qf3+ Kg8 33. Rxd5 Rxd6 34. Bf4 Bxd5 35. Qa3 Qe8 36. Qxd6 Bxa2 37. Nd4 Bf7 38. b4 Qe1+ 39. Kh2 Qxf2 40. Qd8+ Kh7 41. Nf3 Ba1 42. Qe7 Kg8 43. Qxa7 Bf6 44. Qb8+ Kh7 45. Qc7 Kg8 46. Qb8+ Kg7 47. Be5 Qe3 48. Bxf6+ Kxf6 49. Qd6+ Kf5 50. Kg3 g5 51. Qd7+ Kg6 52. Qc6+ Kh5 53. Qf6 Bd5 54. Qf5 Be4 55. Qg4+ Kh6 56. Qe6+ Kg7 57. Qe5+ Kg6 58. Qe6+ Kg7 59. Qe7+ Kg6 60. Qe8+ Kf6 61. Qe5+ Kg6 62. Qe6+ Kg7 63. Qd7+ Kh6 64. Qe6+ Kg7 1/2-1/2

[Event "FIDE World Rapid-ch Open 2018"]
[White "Kryakvin, Dmitry"]
[Black "Frolyanov, Dmitry"]
[Site "St. Petersburg"]
[Round "13.55"]
[Annotator "ChessBase"]
[Result "1-0"]
[Date "2018.12.28"]
[WhiteElo "2588"]
[BlackElo "2517"]
[PlyCount "61"]
[TimeControl "900+10"]

1. d4 d5 2. c4 e6 3. Nf3 Nf6 4. Bg5 dxc4 5. Qa4+ c6 6. Qxc4 b5 7. Qc2 Bb7 8. e4 h6 9. Bxf6 Qxf6 10. Bd3 Nd7 11. 0-0 e5 12. a4 b4 13. Nbd2 Be7 14. dxe5 Nxe5 15. Nxe5 Qxe5 16. Ba6 Qc7 17. Bxb7 Qxb7 18. Nc4 c5 19. Rfd1 0-0 20. Rd5 Bf6 21. Rad1 Bd4 22. Nd6 b3 23. Qc4 Qe7 24. Nf5 Qxe4 25. Rxc5 Rad8 26. Nxd4 Rd6 27. g3 Rfd8 28. Rc8 Qg4 29. Rxd8+ Rxd8 30. f3 Qd7 31. Qxb3 1-0

[Event "FIDE World Rapid-ch Open 2018"]
[White "Ghaem Maghami, Ehsan"]
[Black "Shaposhnikov, Evgeny"]
[Site "St. Petersburg"]
[Round "13.56"]
[Annotator "ChessBase"]
[Result "0-1"]
[Date "2018.12.28"]
[WhiteElo "2537"]
[BlackElo "2576"]
[PlyCount "66"]
[TimeControl "900+10"]

1. d4 Nf6 2. Nf3 e6 3. c4 b6 4. g3 Bb4+ 5. Bd2 c5 6. Bg2 Bb7 7. 0-0 0-0 8. Bxb4 cxb4 9. Qb3 a5 10. a3 Na6 11. Nbd2 d6 12. Rfd1 Qc7 13. Rac1 Rfe8 14. e3 e5 15. Bh3 h6 16. Qc2 Rad8 17. Ne1 Qe7 18. Nd3 Nh7 19. Bg2 Bxg2 20. Kxg2 exd4 21. exd4 Qb7+ 22. d5 b5 23. axb4 axb4 24. Nb3 Ng5 25. h4 bxc4 26. Qxc4 Rc8 27. Qd4 Re4 28. hxg5 Rxd4 29. Rxc8+ Qxc8 30. Nxd4 Qc4 31. Nf3 hxg5 32. Nxg5 Qxd5+ 33. Nf3 Nc5 0-1

[Event "FIDE World Rapid-ch Open 2018"]
[White "Nihal Sarin"]
[Black "Novikov, Stanislav"]
[Site "St. Petersburg"]
[Round "13.57"]
[Annotator "ChessBase"]
[Result "1-0"]
[Date "2018.12.28"]
[WhiteElo "2576"]
[BlackElo "2540"]
[PlyCount "123"]
[TimeControl "900+10"]

1. e4 g6 2. d4 Bg7 3. Nf3 c6 4. h3 d6 5. c4 Nf6 6. Nc3 0-0 7. Be3 a6 8. a4 a5 9. Be2 Na6 10. 0-0 Nd7 11. Qd2 Re8 12. Rad1 e5 13. d5 Bf8 14. Ne1 Nac5 15. Qc2 Qb6 16. Nd3 Qb3 17. Qd2 Nxd3 18. Bxd3 Nc5 19. f4 Nxd3 20. Qxd3 f5 21. c5 dxc5 22. fxe5 Rxe5 23. Bf4 fxe4 24. Qe2 Rf5 25. dxc6 bxc6 26. Qxe4 Ba6 27. Rf2 Qc4 28. Qxc6 Rc8 29. Qb6 Bg7 30. Nd5 Re8 31. Ne3 Qxa4 32. b3 Qb5 33. Qxb5 Bxb5 34. Nxf5 gxf5 35. Kh2 c4 36. bxc4 Bxc4 37. Rc1 Bb3 38. Rf3 a4 39. Rc7 Kh8 40. Rd3 Bg8 41. Ra7 Bb3 42. Rdd7 Bb2 43. Rxh7+ Kg8 44. Rhb7 Bd4 45. Ra5 Rf8 46. Be5 Bxe5+ 47. Rxe5 f4 48. Rg5+ Kh8 49. Rh5+ Kg8 50. Rg5+ Kh8 51. Ra5 Kg8 52. Raa7 Re8 53. h4 Bd5 54. Rc7 f3 55. gxf3 Bxf3 56. Rxa4 Bh5 57. Raa7 Re4 58. Rg7+ Kf8 59. Rh7 Rxh4+ 60. Kg3 Rg4+ 61. Kh3 Rg5 62. Rh8+ 1-0

[Event "FIDE World Rapid-ch Open 2018"]
[White "Vokhidov, Shamsiddin"]
[Black "Miton, Kamil"]
[Site "St. Petersburg"]
[Round "13.58"]
[Annotator "ChessBase"]
[Result "1-0"]
[Date "2018.12.28"]
[WhiteElo "2480"]
[BlackElo "2588"]
[PlyCount "79"]
[TimeControl "900+10"]

1. e4 e6 2. d4 d5 3. Nd2 dxe4 4. Nxe4 Bd7 5. Nf3 Bc6 6. Bd3 Nd7 7. c3 Bxe4 8. Bxe4 c6 9. Bf4 Ngf6 10. Bc2 g6 11. Qe2 Bg7 12. a4 0-0 13. 0-0 a5 14. h3 Nd5 15. Bg3 Qb6 16. Bd3 Rfe8 17. Rfe1 N7f6 18. Bh2 Bh6 19. Ne5 Nf4 20. Qf3 N6d5 21. Be4 f5 22. Bxd5 Nxd5 23. Re2 Re7 24. Nd3 Rae8 25. Rae1 Qd8 26. Nc5 b6 27. Nd3 Bg7 28. Bg3 Bf6 29. Be5 Bxe5 30. Nxe5 Qc7 31. h4 c5 32. dxc5 bxc5 33. h5 g5 34. h6 g4 35. Qg3 Kh8 36. Qh4 Rf8 37. Rd2 Nf6 38. f3 c4 39. Kh1 Qb7 40. Qxf6+ 1-0

[Event "FIDE World Rapid-ch Open 2018"]
[White "Kovalev, Vladislav"]
[Black "Sanal, Vahap"]
[Site "St. Petersburg"]
[Round "13.59"]
[Annotator "ChessBase"]
[Result "1/2-1/2"]
[Date "2018.12.28"]
[WhiteElo "2683"]
[BlackElo "2490"]
[PlyCount "130"]
[TimeControl "900+10"]

1. e4 e5 2. Nf3 Nc6 3. Nc3 Nf6 4. h3 d5 5. exd5 Nxd5 6. Bb5 Nxc3 7. bxc3 Bd6 8. 0-0 0-0 9. Re1 Qf6 10. d3 h6 11. Nd2 Qg6 12. Qf3 Bd7 13. Ne4 a6 14. Bc4 Na5 15. Bd5 c6 16. Bb3 Be7 17. Qg3 Qxg3 18. Nxg3 b6 19. d4 Bh4 20. Rxe5 Bxg3 21. fxg3 Rfe8 22. Bf4 Rxe5 23. Bxe5 Nxb3 24. cxb3 Re8 25. Kf2 h5 26. a4 f6 27. Bc7 b5 28. c4 bxc4 29. bxc4 Be6 30. Rc1 Kf7 31. a5 Re7 32. Bb6 Re8 33. Kf3 Bf5 34. Kf2 Be6 35. Rc3 Re7 36. Bc5 Re8 37. Ba7 Re7 38. Bb6 Re8 39. Kf3 Re7 40. Kf4 Re8 41. Bc5 Rb8 42. Bb6 Re8 43. Kf3 Bf5 44. g4 hxg4+ 45. hxg4 Be6 46. Kf4 g5+ 47. Kf3 Rh8 48. Rc1 Rh4 49. Kf2 Rxg4 50. g3 Re4 51. Re1 Rg4 52. Kf3 f5 53. Re5 f4 54. gxf4 Rxf4+ 55. Ke3 Bxc4 56. Rxg5 Rh4 57. Bc5 Rh3+ 58. Kf4 Rh1 59. Ke5 Rh6 60. Rf5+ Ke8 61. Rf8+ Kd7 62. Ra8 Re6+ 63. Kf5 Bd3+ 64. Kf4 Re4+ 65. Kf3 Rh4 1/2-1/2

[Event "FIDE World Rapid-ch Open 2018"]
[White "Jones, Gawain C B"]
[Black "Khusnutdinov, Rustam"]
[Site "St. Petersburg"]
[Round "13.60"]
[Annotator "ChessBase"]
[Result "1-0"]
[Date "2018.12.28"]
[WhiteElo "2682"]
[BlackElo "2470"]
[PlyCount "79"]
[TimeControl "900+10"]

1. e4 e6 2. d3 c5 3. Nf3 Nc6 4. g3 Nge7 5. Bg2 g6 6. h4 h6 7. c3 Bg7 8. Be3 b6 9. 0-0 d5 10. Re1 0-0 11. e5 Ba6 12. Bf4 Nf5 13. a3 Rc8 14. b4 Qe7 15. Ra2 d4 16. c4 b5 17. g4 Nxh4 18. Nxh4 Qxh4 19. Bg3 Qd8 20. cxb5 Bxb5 21. bxc5 Ne7 22. Nd2 Nd5 23. Ne4 Nc3 24. Nxc3 dxc3 25. d4 Qa5 26. Qc1 Rfd8 27. Rc2 Rxd4 28. Rxc3 Bc6 29. Qe3 Rd7 30. Rec1 Bxg2 31. Kxg2 Rc6 32. Bf4 g5 33. Bg3 Rd5 34. f4 gxf4 35. Bxf4 Qc7 36. R3c2 Bxe5 37. Bxh6 Bd4 38. Qe4 Rdxc5 39. Rxc5 Rxc5 40. Qxd4 1-0

[Event "FIDE World Rapid-ch Open 2018"]
[White "Roiz, Michael"]
[Black "Anisimov, Pavel"]
[Site "St. Petersburg"]
[Round "13.61"]
[Annotator "ChessBase"]
[Result "1-0"]
[Date "2018.12.28"]
[WhiteElo "2605"]
[BlackElo "2533"]
[PlyCount "95"]
[TimeControl "900+10"]

1. Nf3 d5 2. g3 c5 3. Bg2 Nc6 4. d4 e6 5. 0-0 Qb6 6. c4 cxd4 7. cxd5 exd5 8. Nbd2 g6 9. Nb3 Bg7 10. e3 d3 11. Qxd3 Nf6 12. Nbd4 0-0 13. b3 Ne4 14. Bb2 Re8 15. Qc2 Bd7 16. Nxc6 bxc6 17. Bxg7 Kxg7 18. Rac1 Rac8 19. Rfd1 Kg8 20. Qb2 a5 21. Ne5 Be6 22. Bxe4 dxe4 23. Nd7 Bxd7 24. Rxd7 Rcd8 25. Qd2 Rxd7 26. Qxd7 Rd8 27. Qxc6 Qxc6 28. Rxc6 Rd2 29. a4 Rb2 30. Rb6 h5 31. h3 Kg7 32. g4 hxg4 33. hxg4 g5 34. Rb5 f6 35. Rxa5 Rxb3 36. Rb5 Ra3 37. Rb4 Kg6 38. Rxe4 Ra2 39. Kg2 Kf7 40. Kg3 Ra1 41. f4 gxf4+ 42. exf4 Kg6 43. f5+ Kg5 44. Kf3 Kh4 45. Rc4 Ra3+ 46. Ke2 Kg3 47. Kd2 Kf3 48. Rc3+ 1-0

[Event "FIDE World Rapid-ch Open 2018"]
[White "Tsydypov, Zhamsaran"]
[Black "Gutenev, Alexander"]
[Site "St. Petersburg"]
[Round "13.62"]
[Annotator "ChessBase"]
[Result "1-0"]
[Date "2018.12.28"]
[WhiteElo "2529"]
[BlackElo "2456"]
[PlyCount "63"]
[TimeControl "900+10"]

1. c4 Nf6 2. Nf3 g6 3. Nc3 d5 4. cxd5 Nxd5 5. h4 Nxc3 6. bxc3 h6 7. d4 Bg7 8. Bf4 c5 9. Qd2 Qa5 10. Rc1 Bf5 11. h5 g5 12. Be5 f6 13. Bg3 Nc6 14. e3 0-0 15. d5 Rad8 16. Qb2 Ne5 17. Nxe5 fxe5 18. Bc4 Kh8 19. Qxb7 Rb8 20. Qxe7 Rfe8 21. Qd6 Rb6 22. Qc7 Qa4 23. Bb3 Qb5 24. d6 Rb7 25. Ba4 Qb2 26. Qxb7 Qxc1+ 27. Ke2 Qxh1 28. Bxe8 e4 29. Bd7 Bxc3 30. Be5+ Bxe5 31. Bxf5 Qxh5+ 32. g4 1-0

[Event "FIDE World Rapid-ch Open 2018"]
[White "Bindrich, Falko"]
[Black "Teterev, Vitaly"]
[Site "St. Petersburg"]
[Round "13.63"]
[Annotator "ChessBase"]
[Result "1-0"]
[Date "2018.12.28"]
[WhiteElo "2606"]
[BlackElo "2486"]
[PlyCount "107"]
[TimeControl "900+10"]

1. d4 Nf6 2. c4 g6 3. Nf3 Bg7 4. e3 0-0 5. Be2 d6 6. 0-0 Nbd7 7. Nc3 e5 8. b3 Re8 9. Bb2 e4 10. Nd2 Nf8 11. Nd5 Nxd5 12. cxd5 Qg5 13. Re1 Qxd5 14. Qc2 c6 15. b4 a6 16. Nc4 Nd7 17. f3 exf3 18. Bxf3 Qe6 19. e4 Qe7 20. Rad1 Nf6 21. h3 Rd8 22. d5 cxd5 23. Nb6 Rb8 24. exd5 Qf8 25. Qc7 Bf5 26. g4 Ne8 27. Bxg7 Qxg7 28. Qe7 Bc2 29. Rc1 Qd4+ 30. Qe3 Qd3 31. Qxd3 Bxd3 32. Re3 Bb5 33. a4 Bd7 34. Re7 Bc8 35. Nxc8 Rdxc8 36. Rxc8 Rxc8 37. Rxb7 Kf8 38. Be2 Ra8 39. g5 a5 40. b5 Ng7 41. Bg4 Nf5 42. Bxf5 gxf5 43. Rb6 Re8 44. Ra6 Re2 45. Rxa5 Rb2 46. Ra6 Rb4 47. b6 Kg7 48. a5 Kg6 49. Ra7 Kxg5 50. Rxf7 Kf4 51. Kf2 Rb2+ 52. Ke1 Ke3 53. Re7+ Kd4 54. b7 1-0

[Event "FIDE World Rapid-ch Open 2018"]
[White "Zhigalko, Andrey"]
[Black "Bosiocic, Marin"]
[Site "St. Petersburg"]
[Round "13.64"]
[Annotator "ChessBase"]
[Result "0-1"]
[Date "2018.12.28"]
[WhiteElo "2545"]
[BlackElo "2599"]
[PlyCount "54"]
[TimeControl "900+10"]

1. e4 e5 2. Nf3 Nc6 3. Bb5 a6 4. Ba4 b5 5. Bb3 g6 6. Nc3 Bg7 7. a4 b4 8. Nd5 Nge7 9. d4 exd4 10. Bg5 h6 11. Bf6 Bxf6 12. Nxf6+ Kf8 13. Nxd4 Kg7 14. 0-0 Rf8 15. Nd5 Na5 16. Ba2 Nxd5 17. exd5 c5 18. dxc6 dxc6 19. c3 Rb8 20. Qc2 b3 21. Bxb3 Nxb3 22. Nxc6 Nxa1 23. Rxa1 Qc7 24. Nxb8 Qxb8 25. c4 Qe5 26. a5 Bf5 27. Qd2 Rb8 0-1

[Event "FIDE World Rapid-ch Open 2018"]
[White "Huzman, Alexander"]
[Black "Tissir, Mohamed"]
[Site "St. Petersburg"]
[Round "13.65"]
[Annotator "ChessBase"]
[Result "1-0"]
[Date "2018.12.28"]
[WhiteElo "2580"]
[BlackElo "2387"]
[PlyCount "73"]
[TimeControl "900+10"]

1. d4 e6 2. Nf3 Nf6 3. c4 d5 4. g3 dxc4 5. Bg2 Bb4+ 6. Bd2 Be7 7. Qa4+ Bd7 8. Qxc4 Bc6 9. Nc3 0-0 10. 0-0 a5 11. Rac1 Nbd7 12. Rfd1 h6 13. Qd3 Re8 14. Be1 Bxf3 15. Qxf3 c6 16. e4 Qb6 17. Qe2 a4 18. a3 e5 19. dxe5 Nxe5 20. h3 g5 21. Qc2 Qa7 22. Ne2 g4 23. hxg4 Nfxg4 24. Nd4 Rad8 25. Nf5 Bg5 26. Rb1 h5 27. Kh1 Rxd1 28. Rxd1 Rd8 29. Rxd8+ Bxd8 30. f3 Ne3 31. Qd2 Bb6 32. Nxe3 Bxe3 33. Qd8+ Kg7 34. Bc3 f6 35. Qe7+ Kg8 36. Qxf6 Bd4 37. Qd8+ 1-0

[Event "FIDE World Rapid-ch Open 2018"]
[White "Gabrielian, Artur"]
[Black "Kazhgaleyev, Murtas"]
[Site "St. Petersburg"]
[Round "13.66"]
[Annotator "ChessBase"]
[Result "0-1"]
[Date "2018.12.28"]
[WhiteElo "2499"]
[BlackElo "2587"]
[PlyCount "46"]
[TimeControl "900+10"]

1. e4 e5 2. Nf3 d6 3. d4 exd4 4. Nxd4 Nf6 5. Nc3 Be7 6. Bf4 0-0 7. Be2 Re8 8. Qd2 Bf8 9. f3 a6 10. 0-0-0 b5 11. g4 b4 12. Nd5 Nxd5 13. exd5 Bb7 14. Bc4 a5 15. Bb5 Nd7 16. Nf5 Ba6 17. Bc6 Re2 18. Qd4 Rb8 19. Rhe1 Ne5 20. Bxe5 dxe5 21. Qa7 Qg5+ 22. Ne3 Rb6 23. Qxa6 Qxe3+ 0-1

[Event "FIDE World Rapid-ch Open 2018"]
[White "Fakhrutdinov, Timur"]
[Black "Yilmaz, Mustafa"]
[Site "St. Petersburg"]
[Round "13.67"]
[Annotator "ChessBase"]
[Result "0-1"]
[Date "2018.12.28"]
[WhiteElo "2481"]
[BlackElo "2636"]
[PlyCount "114"]
[TimeControl "900+10"]

1. e4 c5 2. Nf3 d6 3. d4 cxd4 4. Nxd4 Nf6 5. Nc3 a6 6. Be3 e5 7. Nf3 Qc7 8. a4 Be7 9. a5 0-0 10. Be2 Be6 11. 0-0 h6 12. Nd5 Nxd5 13. exd5 Bg4 14. Qd2 f5 15. Bb6 Qc8 16. Ra4 Nd7 17. Rc4 Qe8 18. Bc7 Rc8 19. Qb4 Bxf3 20. Bxf3 e4 21. Be2 Ne5 22. Rc3 Qd7 23. Bb6 Bf6 24. Bd4 Qe7 25. Re1 Rce8 26. Qb6 Rc8 27. Bf1 Ng4 28. h3 Bxd4 29. Qxd4 Ne5 30. Ree3 Rce8 31. Qb6 Rf7 32. b4 Qf6 33. Rc7 Rxc7 34. Qxc7 Re7 35. Qc8+ Kh7 36. Rc3 Qf7 37. Qd8 Rd7 38. Qb6 Qxd5 39. b5 axb5 40. Qxb5 Qd4 41. Rb3 Rc7 42. Qb6 Qc5 43. Rb5 Qxb6 44. Rxb6 Nc6 45. Rb5 Kg6 46. g4 fxg4 47. hxg4 Nd4 48. Rd5 Nf3+ 49. Kg2 Rxc2 50. Rxd6+ Kg5 51. Rd7 Ne1+ 52. Kg1 e3 53. Rf7 Kg6 54. Rf4 e2 55. Bxe2 Rxe2 56. Rb4 Ra2 57. Rb6+ Kh7 0-1

[Event "FIDE World Rapid-ch Open 2018"]
[White "Mikhalevski, Victor"]
[Black "Hakobyan, Aram"]
[Site "St. Petersburg"]
[Round "13.68"]
[Annotator "ChessBase"]
[Result "0-1"]
[Date "2018.12.28"]
[WhiteElo "2579"]
[BlackElo "2545"]
[PlyCount "76"]
[TimeControl "900+10"]

1. Nf3 Nf6 2. c4 g6 3. g3 Bg7 4. Bg2 0-0 5. 0-0 d6 6. Nc3 Nc6 7. d3 a6 8. Rb1 Rb8 9. Nd2 Bd7 10. b4 b5 11. a3 Qc8 12. Bb2 Ne5 13. Ba1 Bh3 14. Nde4 Bxg2 15. Nxf6+ exf6 16. Kxg2 c6 17. Ne4 Qe6 18. c5 d5 19. Nd2 h5 20. h4 Rfe8 21. Nb3 f5 22. Qd2 Kh7 23. Bd4 Re7 24. e3 Rbe8 25. Ra1 Bh6 26. Qd1 Ng4 27. a4 f6 28. Nd2 g5 29. Nf3 f4 30. hxg5 fxg5 31. exf4 gxf4 32. Rh1 Qg6 33. Nh4 Qf7 34. Nf3 Re2 35. axb5 fxg3 36. Rxa6 Nxf2 37. Bxf2 Rxf2+ 38. Kxg3 Ree2 0-1

[Event "FIDE World Rapid-ch Open 2018"]
[White "Oganian, Miran"]
[Black "Sychev, Klementy"]
[Site "St. Petersburg"]
[Round "13.69"]
[Annotator "ChessBase"]
[Result "0-1"]
[Date "2018.12.28"]
[WhiteElo "2423"]
[BlackElo "2537"]
[PlyCount "62"]
[TimeControl "900+10"]

1. d4 e6 2. c4 f5 3. g3 Nf6 4. Bg2 Be7 5. Nf3 0-0 6. 0-0 d6 7. Nc3 Ne4 8. Qc2 Nxc3 9. Qxc3 a5 10. Qc2 Nc6 11. e4 fxe4 12. Qxe4 Bf6 13. Bh3 Re8 14. Re1 e5 15. Bxc8 Qxc8 16. Bg5 Nxd4 17. Bxf6 Nxf3+ 18. Qxf3 gxf6 19. Qxf6 Qg4 20. h3 Qg6 21. Qf3 e4 22. Qb3 Re5 23. Rad1 Rf8 24. c5+ Rf7 25. Qxb7 e3 26. Rxe3 Rxf2 27. Kxf2 Qc2+ 28. Kf3 Qxd1+ 29. Kf4 Qd4+ 30. Re4 Qf2+ 31. Kg4 Qf5+ 0-1

[Event "FIDE World Rapid-ch Open 2018"]
[White "Potapov, Pavel"]
[Black "Kabanov, Nikolai"]
[Site "St. Petersburg"]
[Round "13.70"]
[Annotator "ChessBase"]
[Result "1-0"]
[Date "2018.12.28"]
[WhiteElo "2516"]
[BlackElo "2450"]
[PlyCount "67"]
[TimeControl "900+10"]

1. e4 e5 2. Nf3 d6 3. d4 exd4 4. Nxd4 Nf6 5. Nc3 Be7 6. Nde2 0-0 7. g3 c6 8. Bg2 Re8 9. 0-0 Nbd7 10. h3 Bf8 11. g4 Nc5 12. Ng3 a5 13. a4 Qb6 14. g5 Nfd7 15. Kh2 g6 16. f4 Qb4 17. Nce2 Bg7 18. Qxd6 Nxa4 19. Qxb4 axb4 20. e5 Ra6 21. Ne4 Bf8 22. Nd4 Rd8 23. b3 Ndb6 24. Nf6+ Kh8 25. bxa4 Rxd4 26. Bb2 Rd2 27. Rad1 Rxc2 28. Rd8 Kg7 29. Rfd1 Bd7 30. e6 Bxe6 31. Be5 Ra8 32. Rxa8 Nxa8 33. Rd8 Re2 34. Bd6 1-0

[Event "FIDE World Rapid-ch Open 2018"]
[White "AL-Sayed, Mohammed"]
[Black "Reshetnikov, Alexey"]
[Site "St. Petersburg"]
[Round "13.71"]
[Annotator "ChessBase"]
[Result "1-0"]
[Date "2018.12.28"]
[WhiteElo "2484"]
[BlackElo "2492"]
[PlyCount "83"]
[TimeControl "900+10"]

1. d4 d5 2. Bf4 Nf6 3. e3 c5 4. c3 Qb6 5. Qb3 Nc6 6. Nd2 Bf5 7. dxc5 Qxb3 8. axb3 e5 9. Bg3 Bxc5 10. Bb5 Nd7 11. Ngf3 f6 12. 0-0 0-0 13. b4 Be7 14. Nb3 Rfc8 15. Nfd2 a6 16. Be2 b5 17. f4 e4 18. Rfd1 Nb6 19. Nc5 Bxc5 20. bxc5 Na4 21. c4 Nxb2 22. cxd5 Nxd1 23. Rxd1 Nb4 24. Nb3 Nxd5 25. Rxd5 Be6 26. Rd6 Bxb3 27. c6 Rd8 28. Rxd8+ Rxd8 29. Bg4 f5 30. Bxf5 Rd1+ 31. Kf2 Rc1 32. Bxe4 b4 33. f5 Ba4 34. Bd5+ Kh8 35. c7 Bd7 36. e4 a5 37. Bd6 h6 38. g4 Rc3 39. e5 b3 40. e6 Rc2+ 41. Ke3 Be8 42. Bxb3 1-0

[Event "FIDE World Rapid-ch Open 2018"]
[White "Popov, Valerij"]
[Black "Sharma, Dinesh K."]
[Site "St. Petersburg"]
[Round "13.72"]
[Annotator "ChessBase"]
[Result "1-0"]
[Date "2018.12.28"]
[WhiteElo "2532"]
[BlackElo "2295"]
[PlyCount "111"]
[TimeControl "900+10"]

1. Nf3 d5 2. c4 e6 3. d4 c6 4. e3 f5 5. Be2 Nf6 6. 0-0 Bd6 7. b3 Qe7 8. Bb2 0-0 9. Qc1 b6 10. Ba3 Bb7 11. Bxd6 Qxd6 12. Qa3 Qxa3 13. Nxa3 Nbd7 14. Rfc1 Rfc8 15. Ng5 Re8 16. Nc2 h6 17. Nf3 Rec8 18. h3 Kf7 19. Nb4 Ke7 20. Nd3 Ne4 21. Rc2 dxc4 22. bxc4 c5 23. g4 cxd4 24. exd4 Nd6 25. Rac1 Be4 26. Nd2 Bc6 27. Nb4 Ba4 28. Rc3 a5 29. Nd3 Bc6 30. Nf4 g5 31. Nxe6 Kxe6 32. d5+ Bxd5 33. cxd5+ Kf7 34. Rc7 Ke7 35. gxf5 Rxc7 36. Rxc7 Kd8 37. Rc6 Nxf5 38. Bg4 Ng7 39. Rxh6 Nf8 40. Rxb6 Ne8 41. Ne4 Nd7 42. Bxd7 Kxd7 43. Rb7+ Kd8 44. Nxg5 Ra6 45. a4 Kc8 46. Rb5 Nc7 47. Rc5 Kd7 48. Kg2 Ra8 49. h4 Kd6 50. Ne4+ Kd7 51. Nf6+ Kd8 52. d6 Ne6 53. Re5 Ng7 54. Re7 Ra6 55. Rxg7 Rxd6 56. Rd7+ 1-0

[Event "FIDE World Rapid-ch Open 2018"]
[White "Khismatullin, Denis"]
[Black "Makoveev, Ilya"]
[Site "St. Petersburg"]
[Round "13.73"]
[Annotator "ChessBase"]
[Result "1-0"]
[Date "2018.12.28"]
[WhiteElo "2621"]
[BlackElo "2257"]
[PlyCount "35"]
[TimeControl "900+10"]

1. c4 e5 2. Nc3 Nf6 3. Nf3 Nc6 4. e3 Be7 5. a3 0-0 6. b4 d5 7. cxd5 Nxd5 8. Qc2 Nxc3 9. dxc3 Be6 10. Bd3 f5 11. e4 g6 12. Bh6 Rf6 13. h4 fxe4 14. Bxe4 Bf5 15. h5 Qe8 16. Ng5 Bf8 17. Qa2+ Kh8 18. Nxh7 1-0

[Event "FIDE World Rapid-ch Open 2018"]
[White "Salgado Lopez, Ivan"]
[Black "Makarov, Marat"]
[Site "St. Petersburg"]
[Round "13.74"]
[Annotator "ChessBase"]
[Result "1-0"]
[Date "2018.12.28"]
[WhiteElo "2629"]
[BlackElo "2505"]
[PlyCount "85"]
[TimeControl "900+10"]

1. e4 c5 2. Nf3 d6 3. d4 cxd4 4. Nxd4 Nf6 5. Nc3 a6 6. g3 e5 7. Nde2 Be7 8. Bg2 Nbd7 9. a4 0-0 10. h3 Nb6 11. b3 Be6 12. a5 Nbd7 13. 0-0 Nb8 14. Nd5 Nc6 15. Nxe7+ Qxe7 16. Be3 Qd7 17. g4 d5 18. exd5 Nxd5 19. Bc5 Rfd8 20. c4 Ndb4 21. Bb6 Qe7 22. Qb1 h5 23. Bxd8 Rxd8 24. Qe4 hxg4 25. hxg4 Rd3 26. Rfd1 Rxb3 27. Rab1 Rxb1 28. Rxb1 Qc5 29. Ng3 Qxa5 30. Qe3 Qa2 31. Be4 Nc2 32. Qc1 N2d4 33. Rxb7 g6 34. Rb6 Qa5 35. c5 Kg7 36. Bxc6 Nb3 37. Rxb3 Bxb3 38. Bf3 Be6 39. c6 Qc7 40. g5 a5 41. Qc2 Qe7 42. Ne4 Bf5 43. c7 1-0

[Event "FIDE World Rapid-ch Open 2018"]
[White "Iljiushenok, Ilia"]
[Black "Maghsoodloo, Parham"]
[Site "St. Petersburg"]
[Round "13.75"]
[Annotator "ChessBase"]
[Result "0-1"]
[Date "2018.12.28"]
[WhiteElo "2533"]
[BlackElo "2688"]
[PlyCount "82"]
[TimeControl "900+10"]

1. e4 Nf6 2. e5 Nd5 3. d4 d6 4. Nf3 Bg4 5. h3 Bh5 6. g4 Bg6 7. e6 fxe6 8. Bg2 c6 9. 0-0 h6 10. c4 Nc7 11. Nc3 Nd7 12. Re1 Bf7 13. Qb3 Rb8 14. Be3 a6 15. Qc2 g5 16. Rad1 Bg7 17. Ne4 Nf6 18. Ng3 0-0 19. b3 Qe8 20. Qd2 Bg6 21. Nh2 Qf7 22. Rf1 e5 23. dxe5 dxe5 24. Nf3 Nfe8 25. Qa5 Qf6 26. Nd2 Ne6 27. Nde4 Qf7 28. Kh2 Nd4 29. Kh1 Nd6 30. Nc3 Kh8 31. c5 Ne8 32. Qb6 Nf6 33. Qc7 Ne6 34. Qb6 Nf4 35. Bxf4 exf4 36. Nf5 Bxf5 37. gxf5 g4 38. Qb4 f3 39. hxg4 fxg2+ 40. Kxg2 Nxg4 41. Qxg4 Rg8 0-1

[Event "FIDE World Rapid-ch Open 2018"]
[White "Lintchevski, Daniil"]
[Black "Usmanov, Vasily"]
[Site "St. Petersburg"]
[Round "13.76"]
[Annotator "ChessBase"]
[Result "0-1"]
[Date "2018.12.28"]
[WhiteElo "2516"]
[BlackElo "2450"]
[PlyCount "102"]
[TimeControl "900+10"]

1. e4 e6 2. d4 d5 3. exd5 exd5 4. Nf3 Nf6 5. Bd3 c5 6. dxc5 Bxc5 7. 0-0 0-0 8. Nc3 Nc6 9. Bg5 h6 10. Bh4 Re8 11. Bxf6 Qxf6 12. Nxd5 Qd6 13. Nc3 Bg4 14. Ne4 Qf8 15. h3 Bh5 16. Ng3 Bxf3 17. Qxf3 Ne5 18. Qxb7 Nxd3 19. cxd3 Rab8 20. Qd5 Rxb2 21. Ne4 Bb6 22. Rab1 Rxb1 23. Rxb1 Rd8 24. Qc4 Kh8 25. Rb5 f5 26. Ng3 f4 27. Nf5 f3 28. gxf3 Qe8 29. Kg2 Qe2 30. Qh4 Rxd3 31. Qg3 Rd7 32. Re5 Qxa2 33. Ne3 Kh7 34. Qg4 Rd6 35. Qe4+ Rg6+ 36. Kf1 Bxe3 37. fxe3 Qg2+ 38. Ke1 Qxh3 39. Kd2 Qd7+ 40. Ke2 Qc6 41. Qf5 Kg8 42. Kf2 Rf6 43. Qe4 Qxe4 44. Rxe4 a5 45. Re8+ Rf8 46. Re4 Ra8 47. Ra4 Kf7 48. e4 g5 49. Ke3 Ke6 50. Kd4 h5 51. Ra1 a4 0-1

[Event "FIDE World Rapid-ch Open 2018"]
[White "Anikonov, Dmitry"]
[Black "Gareyev, Timur"]
[Site "St. Petersburg"]
[Round "13.77"]
[Annotator "ChessBase"]
[Result "1/2-1/2"]
[Date "2018.12.28"]
[WhiteElo "2371"]
[BlackElo "2569"]
[PlyCount "71"]
[TimeControl "900+10"]

1. d4 Nf6 2. c4 e6 3. g3 Bb4+ 4. Bd2 a5 5. Bg2 0-0 6. Nf3 b6 7. Ne5 Ra7 8. 0-0 Bb7 9. Nd3 Be7 10. Nc3 Bxg2 11. Kxg2 d5 12. cxd5 Nxd5 13. e4 Nxc3 14. bxc3 a4 15. Be3 Nc6 16. Qc2 Qa8 17. f3 Rd8 18. Rf2 Ra5 19. Nf4 e5 20. Nd5 Bd6 21. Qe2 exd4 22. cxd4 Rxd5 23. exd5 Nb4 24. Bd2 Nxd5 25. Re1 h6 26. Qe4 b5 27. Rfe2 b4 28. Qd3 Rb8 29. Rb1 Qc6 30. Rc1 Qd7 31. Qc4 Nb6 32. Qd3 Rd8 33. Rb1 Nd5 34. Qc4 Nb6 35. Qd3 Nd5 36. Qc4 1/2-1/2

[Event "FIDE World Rapid-ch Open 2018"]
[White "Rechlis, Gad"]
[Black "Kobo, Ori"]
[Site "St. Petersburg"]
[Round "13.78"]
[Annotator "ChessBase"]
[Result "1/2-1/2"]
[Date "2018.12.28"]
[WhiteElo "2521"]
[BlackElo "2494"]
[PlyCount "118"]
[TimeControl "900+10"]

1. e4 g6 2. d4 Bg7 3. Be3 c5 4. Nc3 cxd4 5. Bxd4 Nf6 6. e5 Nh5 7. Qd2 d6 8. exd6 Qxd6 9. Nb5 Qc6 10. Nf3 0-0 11. Bxg7 Nxg7 12. 0-0-0 Nd7 13. Qb4 Nc5 14. Ne5 Qb6 15. a3 Be6 16. Nd4 Qxb4 17. axb4 Ne4 18. Nxe6 fxe6 19. Nd3 Nxf2 20. Nxf2 Rxf2 21. Rd7 Nf5 22. Bc4 Ne3 23. Bxe6+ Kf8 24. Bb3 a5 25. bxa5 Rxa5 26. Kb1 Rxg2 27. Rxb7 Rf2 28. h4 Nf1 29. Ba2 Rc5 30. c3 Re5 31. Bb3 Nd2+ 32. Kc1 Ra5 33. Kc2 Ne4+ 34. Kb1 Nd2+ 35. Kc2 Nc4+ 36. Kd3 Ne5+ 37. Ke3 Ng4+ 38. Kd3 Rxb2 39. Rf1+ Nf6 40. Re1 Ra3 41. Rexe7 Rbxb3 42. Rf7+ Ke8 43. Rxb3 Rxb3 44. Rxf6 Rb1 45. Kd4 Rh1 46. Rf4 Ke7 47. Kd5 h6 48. Rg4 Kf6 49. Rf4+ Ke7 50. c4 Rd1+ 51. Kc6 g5 52. hxg5 hxg5 53. Rf5 g4 54. c5 Ke6 55. Rg5 Rd4 56. Kb7 Kf6 57. Rg8 Rb4+ 58. Ka6 Kf5 59. c6 Rc4 1/2-1/2